 Dungeon Crawl Stone Soup version 0.29.1-1-gd02db6906a (webtiles) character file.

Game seed: 10570686682782503227

405 holycorn the Cleaver (level 6, -2/55 HPs)
             Began as a Minotaur Berserker on Sept 21, 2022.
             Was a Priest of Trog.
             Killed by divine providence
             ... invoked by an orc priest
              (14 damage)
             ... on level 4 of the Dungeon.
             The game lasted 00:05:52 (3429 turns).

holycorn the Cleaver (Minotaur Berserker)           Turns: 3429, Time: 00:05:56

Health: -2/55      AC:  6    Str: 29    XL:     6   Next: 56%
Magic:  5/5        EV: 11    Int:  4    God:    Trog [***...]
Gold:   218        SH:  0    Dex: 10    Spells: 5/5 levels left

rFire   . . .      SeeInvis +   y - +0 war axe
rCold   . . .      Faith    .   (no shield)
rNeg    . . .      Spirit   .   q - +0 ring mail
rPois   .          Reflect  .   (helmet restricted)
rElec   .          Harm     .   f - +0 cloak
rCorr   .          Rampage  .   (no gloves)
Will    .....                   (no boots)
Stlth   ..........              (no amulet)
HPRegen 0.18/turn               l - ring of see invisible
MPRegen 0.09/turn               s - +6 ring of strength

@: no status effects
A: horns 2, retaliatory headbutt
a: Renounce Religion, Berserk, Trog's Hand


You were on level 4 of the Dungeon.
You worshipped Trog.
Trog was most pleased with you.
You visited 1 branch of the dungeon, and saw 4 of its levels.

You collected 218 gold pieces.

Inventory:

Hand Weapons
 a - a +0 hand axe
 y - a +0 war axe (weapon)
Armour
 f - a +0 cloak (worn)
 q - a +0 ring mail (worn)
 v - a scarf of invisibility
Jewellery
 l - a ring of see invisible (left hand)
 s - a +6 ring of strength (right hand)
Wands
 i - a wand of mindburst (15)
Scrolls
 e - 4 scrolls of identify {unknown}
 g - 2 scrolls of blinking {unknown}
 j - a scroll of fear {unknown}
 m - a scroll of magic mapping {unknown}
 n - a scroll of amnesia {unknown}
 r - a scroll of enchant armour {unknown}
 t - 3 scrolls of vulnerability {unknown}
 u - 3 scrolls of teleportation {unknown}
 z - a scroll of immolation {unknown}
Potions
 b - 3 potions of brilliance {unknown}
 c - 2 potions of resistance {unknown}
 d - 3 potions of lignification {unknown}
 h - a potion of curing {unknown}
 k - 2 potions of heal wounds {unknown}
 o - a potion of haste {unknown}
 p - 2 potions of mutation {unknown}
 w - a potion of invisibility {unknown}
 x - a potion of might {unknown}


   Skills:
 + Level 4.8 Fighting
 * Level 8.3 Axes
 - Level 2.5 Armour
 - Level 2.2 Dodging


You had 5 spell levels left.
You didn't know any spells.
Your spell library was empty.

Dungeon Overview and Level Annotations

Branches:
Dungeon (4/15)
 Temple: D:4-7

Altars:


Innate Abilities, Weirdness & Mutations

You have a pair of horns on your head.
You reflexively headbutt those who attack you in melee.


Message History

Trog accepts your kill.
You slash the iguana! The iguana bites you!
You hit the iguana but do no damage. Your headbutt misses the iguana.
The iguana is moderately wounded.
The iguana closely misses you.
You slash the iguana!
The iguana is severely wounded.
The iguana bites you!
You are too injured to fight recklessly!
You are too injured to fight recklessly!
You are too injured to fight recklessly!
You are too injured to fight recklessly!
You slash the iguana!
You kill the iguana!
Trog accepts your kill.
You start resting.
An orc wizard comes into view. It is wielding a +0 dagger.
You start resting.
An orc wizard is nearby!
An orc and an orc priest come into view.
The orc shouts!
The orc priest looks encouraged for a moment.
You barely miss the orc wizard. Your headbutt misses the orc wizard.
The orc wizard gestures at you while chanting.
The puff of flame hits you!
* * * LOW HITPOINT WARNING * * *
You hit the orc wizard. You headbutt the orc wizard!
The orc wizard is almost dead.
The orc wizard hits you with a +0 dagger.
* * * LOW HITPOINT WARNING * * *
You closely miss the orc wizard.
The orc wizard is almost dead.
The orc wizard hits you but does no damage.
You completely miss the orc wizard. You headbutt the orc wizard.
You kill the orc wizard!
Trog accepts your kill.
Trog appreciates your killing of a magic user.
The orc priest mumbles some strange prayers to Beogh against you.
Beogh smites you!
You die...

##### #######...
#.......# #..# ##
##@# . #. #.)#
..###. ##.o##
......## #....#
.##.....###....###
..# #....o........
...#
##......###....
..### #......##
....
....#####...#...#
...


You could see an orc priest and an orc.

Vanquished Creatures
  A phantom (D:4)
  A bullfrog (D:4)
  A howler monkey (D:4)
  An orc priest (D:3)
  An iguana (D:4)
  2 orc wizards
  Robin (D:3)
  4 adders
  A worm (D:3)
  4 dart slugs
  7 orcs
  7 endoplasms
  2 giant cockroaches
  10 goblins
  5 hobgoblins
  3 quokkas (D:3)
  8 ball pythons
  5 bats
  4 frilled lizards
  8 kobolds
  15 rats
91 creatures vanquished.

Notes
Turn   | Place    | Note
-------+----------+-------------------------------------------
     0 | D:1      | holycorn the Minotaur Berserker began the quest for the
                  | Orb.
     0 | D:1      | Reached XP level 1. HP: 19/19 MP: 0/0
   172 | D:1      | Reached skill level 4 in Axes
   211 | D:1      | Reached XP level 2. HP: 27/27 MP: 1/1
   274 | D:1      | Found a faded altar of an unknown god.
   891 | D:2      | Reached ** piety under Trog
   892 | D:2      | Reached XP level 3. HP: 26/33 MP: 2/2
  1001 | D:2      | Reached skill level 5 in Axes
  1332 | D:2      | You fall into a shaft and drop 1 floor!
  1969 | D:3      | Reached XP level 4. HP: 40/40 MP: 3/3
  2073 | D:3      | Reached skill level 6 in Axes
  2206 | D:3      | Noticed Robin
  2222 | D:3      | Killed Robin
  2223 | D:3      | Reached XP level 5. HP: 47/47 MP: 4/4
  2281 | D:3      | Reached *** piety under Trog
  3259 | D:4      | Reached skill level 7 in Axes
  3296 | D:4      | Noticed a phantom
  3305 | D:4      | Killed a phantom
  3306 | D:4      | Reached XP level 6. HP: 42/53 MP: 5/5
  3405 | D:4      | Reached skill level 8 in Axes
  3429 | D:4      | Killed from afar by an orc priest

Illustrated notes

Levels and vault maps discovered:
D:1:      dpeg_arrival_fog, layout_rooms, hellmonk_ecumenical_altar_lost_god
D:2:      minmay_general_purpose_star, layout_basic, minmay_rat_gold_closets
D:3:      layout_loops_corners, uniq_robin
D:4:      layout_layer_cave, uniq_duvessa, uniq_crazy_yiuf_cottage,
          uniq_eustachio

Skill      XL: |  1  2  3  4  5  6 |
---------------+-------------------+-----
Axes           | 4 5 6 7 8 |  8.3
Fighting       | 4 |  4.8
Armour         | |  2.5
Dodging        | |  2.2

Action                   |  1- 3 |  4- 6 || total
-------------------------+-------+-------++-------
Melee: Hand axe          |    90 |    56 ||   146
       Headbutt          |    11 |    14 ||    25
       War axe           |       |    33 ||    33
       Punch             |       |     1 ||     1
Invok: Berserk           |       |     1 ||     1
 Stab: Sleeping          |     2 |       ||     2
Armor: Animal skin       |    15 |       ||    15
       Ring mail         |     9 |    22 ||    31
Dodge: Dodged            |    55 |    37 ||    92
